 Dungeon Crawl Stone Soup version 0.29.1-13-g9f3cf754e1 (webtiles) character file.

Game seed: 657346631313195487

86 growler the Trooper (level 4, -1/49 HPs)
             Began as an Ogre Warper on Jan 19, 2023.
             Killed from afar by an orc wizard (8 damage)
             ... with a magic dart
             ... on level 3 of the Dungeon.
             The game lasted 00:03:29 (2200 turns).

growler the Trooper (Ogre Warper)                   Turns: 2200, Time: 00:03:29

Health: -1/49      AC:  3    Str: 17    XL:     4   Next: 49%
Magic:  7/7        EV:  9    Int: 14    God:
Gold:   123        SH:  0    Dex:  8    Spells: 7/7 levels left

rFire   . . .      SeeInvis .   a - +0 mace
rCold   . . .      Faith    .   (no shield)
rNeg    . . .      Spirit   .   m - +0 animal skin
rPois   .          Reflect  .   (helmet restricted)
rElec   .          Harm     .   (no cloak)
rCorr   .          Rampage  .   (gloves unavailable)
Will    .....                   (boots unavailable)
Stlth   +.........              (no amulet)
HPRegen 0.16/turn               (no ring)
MPRegen 0.10/turn               (no ring)

@: no status effects
A: large, unfitting armour, tough skin 1
a: no special abilities


You were on level 3 of the Dungeon.
You visited 1 branch of the dungeon, and saw 3 of its levels.

You collected 123 gold pieces.

Inventory:

Hand Weapons
 a - a +0 mace (weapon)
Missiles
 d - 7 boomerangs of dispersal
 l - 3 large rocks (quivered)
Armour
 b - a +0 robe
 m - a +0 animal skin (worn)
Jewellery
 f - a ring of protection from cold
Scrolls
 c - a scroll of blinking
 i - a scroll of vulnerability {unknown}
Potions
 e - 4 potions of curing {unknown}
 g - a potion of berserk rage
 j - a potion of haste
 k - a potion of attraction {unknown}
 n - a potion of lignification {unknown}


   Skills:
 + Level 4.7 Fighting
 + Level 3.1 Maces & Flails
 - Level 1.0 Throwing
 - Level 2.1 Dodging
 - Level 2.4 Spellcasting
 - Level 2.6 Translocations


You had 7 spell levels left.
You didn't know any spells.
Your spell library contained the following spells:

 Spells                   Type           Power      Damage    Failure   Level
 Blink                    Tloc           18%        N/A       12%         2
 Summon Small Mammal      Summ           4%         N/A       22%         1
 Gell's Gravitas          Tloc           9%         N/A       22%         3
 Lesser Beckoning         Tloc           9%         N/A       22%         3
 Teleport Other           Tloc           9%         N/A       22%         3
 Ensorcelled Hibernation  Hex/Ice        2%         N/A       34%         2
 Passwall                 Tmut/Erth      0%         N/A       34%         2
 Sublimation of Blood     Necr           1%         N/A       34%         2
 Wereblood                Tmut           1%         N/A       34%         2
 Call Canine Familiar     Summ           1%         N/A       56%         3
 Dazzling Flash           Conj/Hex       2%         N/A       56%         3
 Summon Guardian Golem    Hex/Summ       1%         N/A       56%         3
 Swiftness                Air            1%         N/A       56%         3
 Manifold Assault         Tloc           9%         N/A       91%         5
 Agony                    Necr           1%         N/A       99%         5
 Silence                  Hex/Air        0%         N/A       99%         5
 Summon Hydra             Summ           0%         N/A       100%        7


Dungeon Overview and Level Annotations

Branches:
Dungeon (3/15)

Altars:


Innate Abilities, Weirdness & Mutations

You are too large for most types of armour.
You have tough skin. (AC +1)


Message History

The frilled lizard bites you but does no damage.
The ball python bites you but does no damage.
You closely miss the ball python.
The ball python is severely wounded.
The rat misses you. The orc hits you with a +0 club.
The ball python barely misses you. The frilled lizard bites you.
You hit the ball python.
You kill the ball python!
The rat closely misses you. The orc hits you but does no damage.
The frilled lizard closely misses you. The frilled lizard barely misses you.
The rat barely misses you. The orc barely misses you.
The frilled lizard attacks as you move away!
The frilled lizard bites you. The rat attacks as you move away!
The rat closely misses you.
The orc wizard hits you with a +0 dagger.
You see here a ball python corpse.
You closely miss the orc wizard. The orc hits you with a +0 club.
The orc wizard barely misses you.
You hit the orc wizard.
The orc wizard is moderately wounded.
The orc hits you with a +0 club.
The orc wizard gestures wildly while chanting.
The orc wizard flickers and vanishes!
Deactivating autopickup; reactivate with Ctrl-A.
Something hits you. Something hits you. Something hits you.
* * * LOW HITPOINT WARNING * * *
The orc attacks as you move away! The orc barely misses you.
You hit the orc but do no damage. The orc hits you with a +0 club.
* * * LOW HITPOINT WARNING * * *
You hit the orc but do no damage. The orc hits you with a +0 club.
* * * LOW HITPOINT WARNING * * *
You hit something. Something hits you.
* * * LOW HITPOINT WARNING * * *
You closely miss something.
You hear some strange, mumbled words.
A magic dart appears from out of thin air!
The magic dart hits you!
You die...

# #..# #.# #.#.# #.
#..# ........ #. #..#
#.#.#.# #..#..#
......
##..#..######.#.#.#.#
#....or$....<........
#ol...r†#)#.#.#.
#{######......... #@#
##.#.#.#.# #.....#
##### ###.#.# #####


You could see 2 orcs, a frilled lizard and a rat.

Vanquished Creatures
  Robin (D:2)
  An adder (D:2)
  A worm (D:2)
  2 dart slugs (D:1)
  An orc (D:3)
  2 ball pythons
  5 endoplasms
  A giant cockroach (D:1)
  10 goblins
  8 hobgoblins (D:2)
  6 kobolds
  2 quokkas (D:1)
  6 bats
  A frilled lizard (D:1)
  5 rats (D:1)
52 creatures vanquished.

Notes
Turn   | Place    | Note
-------+----------+-------------------------------------------
     0 | D:1      | growler the Ogre Warper began the quest for the Orb.
     0 | D:1      | Reached XP level 1. HP: 22/22 MP: 3/3
   280 | D:1      | Reached skill level 3 in Fighting
   352 | D:1      | Reached XP level 2. HP: 22/31 MP: 5/5
   889 | D:1      | Reached XP level 3. HP: 29/39 MP: 6/6
  1062 | D:2      | Reached skill level 4 in Fighting
  1210 | D:2      | Found a faded altar of an unknown god.
  1529 | D:2      | Reached XP level 4. HP: 36/49 MP: 7/7
  1549 | D:2      | Noticed Robin
  1562 | D:2      | Killed Robin
  2200 | D:3      | Killed from afar by an orc wizard

Illustrated notes

Levels and vault maps discovered:
D:1:      sevenhm_arrival_forest_fort_large_3, layout_basic, amethyst_killhole
D:2:      layout_basic, hellmonk_ecumenical_altar_blasted, uniq_robin
D:3:      layout_basic, mainiacjoe_overflow_small_starburst, st_stairs_11,
          uniq_crazy_yiuf_cottage

Skill      XL: |  1  2  3  4 |
---------------+-------------+-----
Fighting       | 3 4 |  4.7
Maces & Flails | 2 3 |  3.1
Throwing       | |  1.0
Dodging        | |  2.1
Spellcasting   | |  2.4
Translocations | |  2.6

Action                   |  1- 3 |  4- 6 || total
-------------------------+-------+-------++-------
Melee: Mace              |   107 |    66 ||   173
       Punch             |     1 |       ||     1
Throw: Large rock        |       |     1 ||     1
  Use: Scroll            |       |     2 ||     2
Armor: Robe              |    49 |     3 ||    52
       Animal skin       |       |    23 ||    23
Dodge: Dodged            |    61 |    50 ||   111
